 Dungeon Crawl Stone Soup version 0.21.1-1-g345015f (webtiles) character file.

331 Monsterracer the Skirmisher (level 6, -5/56 HPs)
             Began as a Minotaur Venom Mage on July 9, 2018.
             Was an Initiate of Ru.
             Slain by bmj180's ghost (12 damage)
             ... on level 5 of the Dungeon.
             The game lasted 00:04:55 (4040 turns).

Monsterracer the Skirmisher (Minotaur Venom Mage)   Turns: 4040, Time: 00:04:56

Health: -5/56      AC:  7    Str: 14    XL:     6   Next: 26%
Magic:  7/7        EV: 10    Int: 12    God:    Ru [......]
Gold:   86         SH:  0    Dex: 11    Spells: 6/7 levels left

rFire    . . .     SeeInvis .   a - +0 war axe
rCold    . . .     Gourm    .   (no shield)
rNeg     . . .     Faith    .   s - +1 scale mail
rPois    .         Spirit   .   (helmet restricted)
rElec    .         Reflect  .   (no cloak)
rCorr    .         Harm     .   (no gloves)
MR       .....                  (no boots)
Stlth    ..........             n - amulet of magic regeneration
HPRegen  0.18/turn              (no ring)
MPRegen  0.35/turn              (no ring)

@: no status effects
A: retaliatory headbutt, horns 2
a: Renounce Religion


You were on level 5 of the Dungeon.
You worshipped Ru.
Ru was noncommittal.
You were very hungry.

You visited 1 branch of the dungeon, and saw 5 of its levels.

You collected 86 gold pieces.

Inventory:

Hand Weapons
 a - a +0 war axe (weapon)
 b - a +0 mace of protection
Armour
 s - a +1 scale mail (worn)
Jewellery
 d - an uncursed ring of fire
 n - an amulet of magic regeneration (around neck)
Wands
 m - a wand of iceblast (8)
Scrolls
 h - a scroll of identify
 i - 2 scrolls of remove curse
Potions
 f - a potion of brilliance
 j - 2 potions of mutation {!q}
 k - 2 potions of flight
 l - 2 potions of curing
Comestibles
 c - 7 rations


   Skills:
 - Level 5.2 Fighting
 + Level 3.2 Axes
 - Level 2.5 Armour
 - Level 3.4 Dodging
 - Level 1.5 Stealth
 - Level 1.3 Spellcasting
 - Level 0.6 Conjurations
 - Level 2.1 Poison Magic


You had 6 spell levels left.
You knew the following spells:

 Your Spells              Type           Power        Failure   Level  Hunger
b - Sting                 Conj/Pois      #...         56%         1    ##.....


Dungeon Overview and Level Annotations

Branches:
Dungeon (5/15)
 Temple: D:4-7

Altars:
Nemelex Xobeh
Ru

Shops:
D:4 (

Annotations:
D:4 airwow's ghost, amateur HOFi
D:5 bmj180's ghost, amateur HOFi


Innate Abilities, Weirdness & Mutations

You reflexively headbutt those who attack you in melee.
You have a pair of horns on your head.


Message History

There is an entrance to Wyleamex's Antique Weapon Shoppe here.
You are feeling very hungry.
Found a stone staircase leading down.
No target in view!
No target in view!
Found a stone staircase leading down.
No target in view!
There is a stone staircase leading down here.
Airwow's ghost turns its malevolent gaze towards you.
Airwow's ghost is too close now for your liking.
Airwow's ghost is nearby!
Airwow's ghost hits you!
You take 12 damage, and have 44/56 hp.
MASSIVE DAMAGE!!
You hit airwow's ghost but do no damage.
Airwow's ghost hits you but does no damage.
Airwow's ghost is nearby!
Airwow's ghost mumbles, "They all look like pillowcases to me..."
There is a stone staircase leading down here.
Airwow's ghost completely misses you. You furiously retaliate!
You headbutt airwow's ghost, but do no damage.
You climb downwards.
A player ghost and a zombie come into view.
Bmj180's ghost turns its malevolent gaze towards you.
There is a stone staircase leading up here.
Press: ? - help, v - describe, . - travel
Here: bmj180's ghost The floor.
Found a quarterstaff and 17 gold pieces.
An orc comes into view. It is wielding a dagger.
The orc shouts!
You hear a shout! x2
An orc priest comes into view. It is wielding a whip.
An orc priest comes into view. It is wielding a club.
The orc priest shouts!
You hear a shout!
Bmj180's ghost says, "Do you think the gods will protect you?"
Unknown command.
A leopard gecko comes into view.
The leopard gecko hisses angrily.
The leopard gecko moves out of view.
The orc priest casts a cantrip, but nothing happens.
The orc priest mumbles some strange prayers to Beogh against you.
Pain shoots through your body!
You take 6 damage, and have 41/56 hp.
The orc priest begins to cast a cantrip, but forgets the words!
The leopard gecko hisses menacingly.
The orc barely misses you.
Okay, then.
A gnoll comes into view. It is wielding a club.
A gnoll comes into view.
The gnoll shouts!
You hear a shout!
The gnoll moves out of view.
A howler monkey comes into view.
A gnoll comes into view.
The howler monkey howls!
The gnoll moves out of view.
Bmj180's ghost says, "Try not to bleed too much."
The howler monkey hoots and howls with incredible vigour!
The gnoll hits you with a club!
A gnoll comes into view. It is wielding a spear of flaming.
You take 7 damage, and have 35/56 hp.
You slash the gnoll!
The gnoll is almost dead.
You hit bmj180's ghost but do no damage.
Bmj180's ghost barely misses you. The gnoll hits you.
The gnoll hits you but does no damage. The orc barely misses you.
You take 5 damage, and have 30/56 hp.
Okay, then.
Okay, then.
Okay, then.
You hit the gnoll. You headbutt the gnoll.
The gnoll is severely wounded.
You hit the orc. You hit bmj180's ghost. You slash the gnoll!
You kill the gnoll!
Your Axes skill increases to level 3!
Bmj180's ghost hits you.
* * * LOW HITPOINT WARNING * * *
The orc barely misses you. You furiously retaliate!
You headbutt the orc!
You kill the orc!
You take 6 damage, and have 24/56 hp.
You hit the gnoll.
You kill the gnoll!
You closely miss bmj180's ghost.
Your scale mail prevents you from hitting the gnoll.
The howler monkey hoots and howls with incredible vigour!
Bmj180's ghost hits you.
* * * LOW HITPOINT WARNING * * *
The gnoll closely misses you. The leopard gecko barely misses you.
Bmj180's ghost hits you!
* * * LOW HITPOINT WARNING * * *
The orc priest begins to cast a cantrip, but forgets the words!
You hear a shout!
You take 17 damage, and have 7/56 hp.
MASSIVE DAMAGE!!
You slash the orc priest! You headbutt the orc priest.
The orc priest is severely wounded.
You hit bmj180's ghost. You closely miss the leopard gecko. You hit the gnoll.
The orc priest hits you but does no damage.
The gnoll barely misses you. You furiously retaliate!
You headbutt the gnoll, but do no damage.
The leopard gecko bites you but does no damage.
Bmj180's ghost hits you!
You die...

##.#.# ...
#.#.###.#.
#.........
#....).$#
##...#.### #
#
#.oZ.o..#.#.#
#l#.#.#.....#
#.#.#o#g....#
#.#ZW@gh....#
#...l.#......
####### #.###
#


You could see a howler monkey, 2 orc priests, bmj180's ghost, 2 gnolls, a giant
cockroach zombie and a leopard gecko.

Vanquished Creatures
  A hound (D:4)
  An orc wizard (D:3)
  Natasha (thrice) (D:2)
  A worker ant (D:4)
  Robin (D:2)
  2 gnolls (D:5)
  4 adders
  An ooze (D:2)
  A worm (D:3)
  2 dart slugs
  The ghost of dscm the Grave Robber, a weakling FeNe (D:3)
  2 leopard geckos
  5 orcs
  13 bats
  6 giant cockroaches
  18 goblins
  9 hobgoblins
  5 kobolds
  2 quokkas
  2 ball pythons
  5 frilled lizards
  A quokka skeleton (D:4)
  7 rats
93 creatures vanquished.

Notes
Turn   | Place    | Note
-------+----------+-------------------------------------------
     0 | D:1      | Monsterracer the Minotaur Venom Mage began the quest for the Orb.
     0 | D:1      | Reached XP level 1. HP: 14/14 MP: 1/1
    33 | D:1      | Reached skill level 1 in Fighting
   279 | D:1      | Reached skill level 2 in Fighting
   305 | D:1      | Reached XP level 2. HP: 18/24 MP: 3/3
   734 | D:1      | Reached skill level 3 in Fighting
  1006 | D:2      | Reached XP level 3. HP: 29/31 MP: 4/4
  1084 | D:2      | Reached skill level 1 in Armour
  1377 | D:2      | Noticed Natasha
  1382 | D:2      | Killed Natasha
  1382 | D:2      | Reached skill level 4 in Fighting
  1382 | D:2      | Reached XP level 4. HP: 24/40 MP: 5/5
  1610 | D:2      | Noticed Robin
  1637 | D:2      | Killed Robin
  1743 | D:2      | Found a sparkling altar of Nemelex Xobeh.
  2143 | D:2      | Noticed Natasha
  2153 | D:2      | Killed Natasha
  2153 | D:2      | Reached XP level 5. HP: 39/47 MP: 6/6
  2161 | D:2      | Noticed Natasha
  2169 | D:2      | Killed Natasha
  2631 | D:3      | Reached skill level 5 in Fighting
  2682 | D:3      | HP: 13/48 [giant cockroach/exploding inner flame[the player character] (26)]
  2705 | D:3      | HP: 16/48 [giant cockroach (1)]
  3100 | D:3      | Found a sacrificial altar of Ru.
  3110 | D:3      | Became a worshipper of Ru the Awakened
  3148 | D:3      | Reached skill level 1 in Axes
  3399 | D:3      | Noticed dscm's ghost (weakling FeNe)
  3407 | D:3      | Killed dscm's ghost
  3422 | D:4      | Reached XP level 6. HP: 50/56 MP: 7/7
  3449 | D:4      | Noticed airwow's ghost (amateur HOFi)
  3904 | D:4      | Found Wyleamex's Antique Weapon Shoppe.
  4023 | D:5      | Entered Level 5 of the Dungeon
  4023 | D:5      | Noticed bmj180's ghost (amateur HOFi)
  4038 | D:5      | HP: 24/56 [bmj180's ghost (6)]
  4039 | D:5      | HP: 7/56 [bmj180's ghost (12)]
  4040 | D:5      | Slain by bmj180's ghost

Skill      XL: |  1  2  3  4  5  6 |
---------------+-------------------+-----
Fighting       | 2 3 4 5 |  5.2
Armour         | 1 2 |  2.5
Dodging        | 3 |  3.4
Axes           | 2 3 |  3.2
Stealth        | |  1.5
Spellcasting   | |  1.3
Conjurations   | |  0.6
Poison Magic   | |  2.1

Action                   |  1- 3 |  4- 6 || total
-------------------------+-------+-------++-------
Melee: Mace              |   103 |    84 ||   187
       Unarmed           |     8 |       ||     8
       Headbutt          |    12 |    18 ||    30
       War axe           |       |    67 ||    67
  Use: Scroll            |       |    12 ||    12
 Stab: Sleeping          |     4 |     3 ||     7
  Eat: Chunk             |     2 |     7 ||     9
Armor: Robe              |    40 |    20 ||    60
       Scale mail        |       |    55 ||    55
Dodge: Dodged            |    89 |   126 ||   215

Vault maps used:
D:1:      dpeg_arrival_arbitrary_a
D:2:      nemelex_altar_shiori, uniq_natasha, uniq_robin
D:3:      nicolae_overflow_crystal_walls, first_ration, roderic_batcave
D:4:      serial_shops, nicolae_shop_trees
D:5:      serial_shops, nicolae_shop_statue_plus, kennysheep_potato,
          uniq_eustachio
